 Dungeon Crawl Stone Soup version 0.29.1-2-gbd0b4ee654 (webtiles) character file.

Game seed: 4851242656620303165

7010 raph the Tainter (level 10, -20/69 HPs)
             Began as a Red Draconian Venom Mage on Oct 29, 2022.
             Was an Initiate of Gozag.
             Demolished by a very large slime creature (38 damage)
             ... on level 11 of the Dungeon.
             The game lasted 00:19:08 (13935 turns).

raph the Tainter (Red Draconian Venom Mage)        Turns: 13935, Time: 00:19:08

Health: -20/69     AC: 12    Str: 11    XL:     10   Next: 82%
Magic:  2/19       EV: 12    Int: 30    God:    Gozag
Gold:   1416       SH:  0    Dex: 11    Spells: 5/21 levels left

rFire   + . .      SeeInvis .   b - staff of poison
rCold   . . .      Faith    .   (no shield)
rNeg    . . .      Spirit   .   (body armour unavailable)
rPois   +          Reflect  .   (helmet restricted)
rElec   .          Harm     .   u - +1 cloak
rCorr   .          Rampage  .   E - +0 pair of gloves
Will    .....                   h - +1 pair of boots
Stlth   ++........              (no amulet)
HPRegen 0.21/turn               f - ring "Atetaz" {Int+4 Slay+4}
MPRegen 0.16/turn               n - +6 ring of intelligence

@: studying Unarmed Combat
A: breathe fire, AC +7, unfitting armour, fire resistance 1, cold-blooded
a: Breathe Fire, Renounce Religion, Potion Petition, Call Merchant, Bribe Branch


You were on level 11 of the Dungeon.
You worshipped Gozag.
Gozag was most pleased with you.
You visited 2 branches of the dungeon, and saw 12 of its levels.

You collected 1534 gold pieces.
You spent 72 gold pieces at shops.
You paid 46 gold pieces to Gozag.

Inventory:

Hand Weapons
 a - a +1 dagger of electrocution
 e - a +1 dagger
 v - a +3 quarterstaff of chaos
Missiles
 d - 2 throwing nets
 q - 6 boomerangs
 r - 25 poisoned darts
Armour
 h - a +1 pair of boots (worn)
 u - a +1 cloak (worn)
 E - a +0 pair of gloves (worn)
Magical Staves
 b - a staff of poison (weapon)
Jewellery
 f - the ring "Atetaz" (left hand) {Int+4 Slay+4}
   (You acquired it on level 5 of the Dungeon)

   [ring of slaying]

   Int:       It affects your intelligence (+4).
   Slay:      It affects your accuracy & damage with ranged weapons and melee
   (+4).
 n - a +6 ring of intelligence (right hand)
 y - a ring of willpower
 A - a ring of willpower
 F - a ring of flight
Wands
 t - a wand of polymorph (6)
 B - a wand of charming (9)
 H - a wand of iceblast (2)
Scrolls
 k - a scroll of silence
 w - 2 scrolls of poison
 x - 6 scrolls of teleportation
 C - a scroll of enchant weapon
 D - a scroll of fog
 I - 2 scrolls of fear
 J - a scroll of identify
Potions
 c - 3 potions of mutation
 g - a potion of berserk rage {unknown}
 i - 3 potions of might
 j - 2 potions of lignification {unknown}
 l - 9 potions of curing
 m - 3 potions of brilliance
 o - 4 potions of heal wounds
 p - 3 potions of flight
 s - 3 potions of attraction
 z - 2 potions of ambrosia {unknown}
 G - a potion of cancellation {unknown}


   Skills:
 + Level 0.0 Fighting
 + Level 1.7 Dodging
 - Level 1.7 Stealth
 + Level 6.1 Spellcasting
 + Level 9.0 Conjurations
 - Level 1.0 Transmutations
 * Level 9.5 Fire Magic
 + Level 10.2 Poison Magic


You had 5 spell levels left.
You knew the following spells:

 Your Spells              Type           Power      Damage    Failure   Level
a - Sting                 Tmut/Pois      100%       1d8       1%          1
b - Poisonous Vapours     Pois/Air       100%       N/A       1%          2
c - Mephitic Cloud        Conj/Pois/Air  64%        N/A       1%          3
d - Olgreb's Toxic Radia  Pois           82%        N/A       1%          4
e - Scorch                Fire           100%       2d10      1%          2
f - Flame Wave            Conj/Fire      60%        2d14      1%          4

Your spell library contained the following spells:

 Spells                   Type           Power      Damage    Failure   Level
 Foxfire                  Conj/Fire      100%       2x1d9     1%          1
 Conjure Flame            Conj/Fire      60%        6-21      1%          3
 Spider Form              Tmut/Pois      59%        N/A       1%          3
 Inner Flame              Hex/Fire       37%        N/A       2%          3
 Stone Arrow              Conj/Erth      72%        3d11      2%          3
 Sandblast                Erth           18%        2d7       5%          1
 Passwall                 Tmut/Erth      10%        N/A       6%          2
 Ensorcelled Hibernation  Hex/Ice        18%        N/A       8%          2
 Anguish                  Hex/Necr       4%         N/A       45%         4
 Summon Cactus Giant      Summ           4%         N/A       100%        6


Dungeon Overview and Level Annotations

Branches:
Dungeon (11/15)            Temple (1/1) D:4             Orc (0/2) D:9
   Lair: D:8-11

Altars:
Ashenzari
Cheibriados
Dithmenos
Elyvilon
Fedhas
Gozag
Hepliaklqana
Kikubaaqudgha
Makhleb
Nemelex Xobeh
Okawaru
Qazlal
Ru
Sif Muna
Trog
Uskayaw
Vehumet
Wu Jian
Xom
Yredelemnul
Zin
The Shining One

Shops:
D:9 [


Innate Abilities, Weirdness & Mutations

You can breathe blasts of fire.
Your fiery red scales are hard. (AC +7)
You cannot fit into any form of body armour.
Your flesh is heat resistant. (rF+)
You are cold-blooded and may be slowed by cold attacks.


Message History

(Press . to intensify the flame waves.)
Your toxic aura wanes.
A wave of flame ripples out!
The flame wave engulfs the large slime creature!!
The large slime creature is burned terribly!
The large slime creature is heavily wounded.
The large slime creature barely misses you.
A slime creature comes into view.
A wave of flame ripples out!
The flame wave engulfs the large slime creature!!
The large slime creature is burned terribly!
The large slime creature is severely wounded.
The flame wave engulfs the slime creature!
The slime creature is lightly wounded.
You finish channelling waves of flame.
You hear a roar!
The large slime creature hits you but does no damage.
The large slime creature is no longer more vulnerable to fire.
The large slime creature hits you!!
* * * LOW HITPOINT WARNING * * *
Two slime creatures merge to form a very large slime creature.
Casting: Flame Wave (dangerous; 1% risk of failure)
Confirm with . or Enter, or press ? or * to list all spells.
Casting: Flame Wave (dangerous; 1% risk of failure)
Press: ? - help, Dir - look around, f - activate A wave of flame ripples out!
The flame wave engulfs the very large slime creature!!
The very large slime creature is severely wounded. (Press . to intensify the flame waves.)
A wave of flame ripples out!
The flame wave engulfs the very large slime creature!
The very large slime creature is severely wounded.
A wave of flame ripples out!
The flame wave engulfs the very large slime creature!
The very large slime creature is severely wounded.
You finish channelling waves of flame.
The very large slime creature hits you!!!
Ouch! That really hurt!
You die...
Your body crumbles into a pile of gold.

+..............#
########........# #
#........#
##########)######
.............#
#............##
#.............# .#
##....####....#####...#
#....# #......@J....#
##....# #########...<#
##....# ...#
##....###### ..#
.#.........# .#
.##........# .#
.##........# #
.##........#
.''........#


You could see a very large slime creature.

Vanquished Creatures
  A boulder beetle (D:11)
  2 two-headed ogres
  Pikel (D:5)
  Joseph (D:7)
  A troll (D:10)
  2 shadows (D:10)
  A vampire (D:10)
  A wraith (D:10)
  A wyvern (D:9)
  A steam dragon (D:8)
  Menkaure (D:5)
  2 vampire mosquitoes (D:11)
  2 water moccasins
  2 orc warriors
  A black bear (D:7)
  4 ice beasts
  An ogre (D:6)
  6 centaurs
  4 kobold brigands
  A phantom (D:5)
  2 bullfrogs
  2 scorpions
  A necrophage (D:4)
  4 howler monkeys (D:8)
  2 hounds
  4 jellies (D:7)
  3 orc priests
  Crazy Yiuf (D:5)
  4 iguanas
  7 orc wizards
  4 gnolls
  5 adders
  A white imp (D:8)
  A worm (D:10)
  A dart slug (D:4)
  33 orcs
  3 endoplasms
  3 giant cockroaches
  4 goblins
  5 hobgoblins
  2 jackals (D:1)
  3 quokkas (D:1)
  9 ball pythons
  3 bats
  3 frilled lizards (D:1)
  21 kobolds
  A quokka zombie (D:4)
  6 rats
  A rat zombie (D:4)
175 creatures vanquished.

Notes
Turn   | Place    | Note
-------+----------+-------------------------------------------
     0 | D:1      | raph the Draconian Venom Mage began the quest for the Orb.
     0 | D:1      | Reached XP level 1. HP: 14/14 MP: 3/3
   365 | D:1      | Reached XP level 2. HP: 6/20 MP: 0/5
   598 | D:1      | Learned a level 2 spell: Poisonous Vapours
  1213 | D:1      | Found a faded altar of an unknown god.
  1277 | D:1      | Reached skill level 4 in Poison Magic
  1286 | D:1      | Reached XP level 3. HP: 6/26 MP: 0/6
  2858 | D:3      | Learned a level 3 spell: Mephitic Cloud
  3303 | D:3      | Found a basalt altar of Yredelemnul.
  3325 | D:3      | Reached skill level 1 in Conjurations
  3325 | D:3      | Reached XP level 4. HP: 33/33 MP: 1/7
  3392 | D:3      | Found a glowing silver altar of Zin.
  3654 | D:3      | Reached skill level 5 in Poison Magic
  3879 | D:4      | Found a staircase to the Ecumenical Temple.
  3906 | Temple   | Entered the Ecumenical Temple
  4135 | Temple   | Became a worshipper of Gozag Ym Sagoz the Greedy
  4155 | D:4      | Noticed a necrophage
  4202 | D:4      | Killed a necrophage
  4203 | D:4      | Reached XP level 5. HP: 13/38 MP: 3/8
  5034 | D:4      | Reached XP level 6. HP: 41/45 MP: 0/9
  5357 | D:4      | Noticed an orc warrior
  5623 | D:4      | Found a shimmering blue altar of Sif Muna.
  5871 | D:4      | Killed an orc warrior
  5872 | D:4      | Reached skill level 6 in Poison Magic
  6150 | D:5      | Entered Level 5 of the Dungeon
  6364 | D:5      | Noticed Pikel
  6375 | D:5      | Killed Pikel
  6376 | D:5      | Reached skill level 5 in Conjurations
  6376 | D:5      | Reached skill level 7 in Poison Magic
  6376 | D:5      | Your scales start taking on a fiery red colour.
  6376 | D:5      | Reached XP level 7. HP: 44/50 MP: 1/10
  6376 | D:5      | Gained mutation: Your flesh is heat resistant. (rF+) [Red
                  | Draconian growth]
  6480 | D:5      | Noticed Menkaure
  6482 | D:5      | Killed Menkaure
  6483 | D:5      | Reached XP level 8. HP: 57/57 MP: 11/11
  6620 | D:5      | Learned a level 4 spell: Olgreb's Toxic Radiance
  6630 | D:5      | Found a runed translucent door.
  6631 | D:5      | Noticed Crazy Yiuf
  6636 | D:5      | Killed Crazy Yiuf
  6921 | D:5      | Reached skill level 8 in Poison Magic
  7378 | D:5      | Identified a scroll of acquirement
  7378 | D:5      | Acquired the ring "Atetaz" {Int+4 Slay+4}
  7955 | D:6      | Learned a level 2 spell: Scorch
  7958 | D:6      | Found a hazy altar of Hepliaklqana.
  8023 | D:6      | Reached skill level 1 in Fire Magic
  8437 | D:6      | Found a white marble altar of Elyvilon.
  9051 | D:7      | Reached XP level 9. HP: 56/62 MP: 6/14
  9387 | D:7      | Found an iron altar of Okawaru.
  9387 | D:7      | Noticed Joseph
  9762 | D:7      | Reached skill level 9 in Poison Magic
  9769 | D:7      | Killed Joseph
  9770 | D:7      | Reached skill level 5 in Fire Magic
 10578 | D:8      | Learned a level 4 spell: Flame Wave
 11228 | D:9      | Found Hegaet's Armour Shop.
 11230 | D:9      | Found a staircase to the Orcish Mines.
 11242 | D:9      | Bought a +0 pair of gloves for 72 gold pieces
 11551 | D:9      | Found a radiant altar of Vehumet.
 11553 | D:9      | Noticed a two-headed ogre
 11562 | D:9      | Killed a two-headed ogre
 11563 | D:9      | Reached skill level 5 in Spellcasting
 11563 | D:9      | Reached XP level 10. HP: 38/69 MP: 8/17
 12291 | D:10     | Entered Level 10 of the Dungeon
 12471 | D:10     | Identified the +2 ring mail "Temumeas" {rCorr}
 13294 | D:10     | Found a snail-covered altar of Cheibriados.
 13438 | D:11     | Noticed a boulder beetle
 13446 | D:11     | Killed a boulder beetle
 13447 | D:11     | Reached skill level 10 in Poison Magic
 13739 | D:11     | Noticed a two-headed ogre
 13754 | D:11     | Killed a two-headed ogre
 13935 | D:11     | Demolished by a very large slime creature

Illustrated notes

Levels and vault maps discovered:
D:1:      roderic_chinese_lattice_arrival, layout_basic,
          ebering_ecumenical_altar_rust
D:2:      layout_basic, st_stairs_1
D:3:      layout_basic, mainiacjoe_overflow_large_starburst,
          amcnicky_mini_rare_corridor_liquid
D:4:      layout_basic, nicolae_sif_muna_little_library,
          minmay_temple_entry_slanted, enter_ossuary_4, guppyfry_early_orc_mine
D:5:      layout_basic, corexii_item_surrounded_by_moat, uniq_menkaure,
          uniq_crazy_yiuf_cottage, uniq_pikel
D:6:      layout_basic, nicolae_elyvilon_peaceful_grove,
          mainiacjoe_overflow_brackets
D:7:      layout_rooms, okawaru_metal_pillars_1_2, serial_curves,
          eino_curves_02, eino_curves_01, kennysheep_generic_room_14,
          uniq_joseph
D:8:      layout_basic
D:9:      layout_basic, kennysheep_mini_moat, orc_david_3
D:10:     layout_rooms, slow_altar_2
D:11:     layout_basic, dpeg_lair_monsters, grunt_decor_resistance,
          hangedman_incinerator
Temple:   eino_temple_water

Skill      XL: |  1  2  3  4  5  6  7  8  9 10 |
---------------+-------------------------------+-----
Poison Magic   | 4 5 7 8 9 10 | 10.2
Conjurations   | 1 2 3 5 6 7 8 9 |  9.0
Spellcasting   | 3 5 6 |  6.1
Fire Magic     | 3 7 9 |  9.5
Dodging        | |  1.7
Stealth        | |  1.7
Transmutations | |  1.0

Action                   |  1- 3 |  4- 6 |  7- 9 | 10-12 || total
-------------------------+-------+-------+-------+-------++-------
Melee: Unarmed           |    10 |       |       |       ||    10
       Dagger            |    10 |    21 |       |       ||    31
       Tailslap          |       |     8 |    20 |     2 ||    30
       Staff             |       |    21 |    99 |    18 ||   138
       Punch             |       |     2 |     2 |       ||     4
 Cast: Sting             |    55 |    54 |    15 |     2 ||   126
       Poisonous Vapours |    11 |    33 |     3 |       ||    47
       Mephitic Cloud    |       |     3 |    13 |     7 ||    23
       Olgreb's Toxic Ra |       |       |    25 |    12 ||    37
       Scorch            |       |       |    10 |    17 ||    27
       Flame Wave        |       |       |       |     3 ||     3
 Abil: Breathe Fire      |       |       |    19 |     9 ||    28
  Use: Scroll            |     6 |     6 |     8 |       ||    20
       Potion            |       |       |       |     3 ||     3
 Stab: Sleeping          |     1 |       |       |       ||     1
       Confused          |       |       |     1 |     1 ||     2
Armor: Skin              |    23 |    26 |    36 |    36 ||   121
Dodge: Dodged            |    51 |    55 |    72 |    33 ||   211
